 Dungeon Crawl Stone Soup version 0.31-a0-995-g04711c9635 (webtiles) character file.

Game seed: 11981655153240372155

69330 Azuregosa the Skirmisher (level 14, -1/75 HPs)
             Began as a Spriggan Hunter on Oct 25, 2023.
             Was a High Priest of Dithmenos.
             Slain by a dire elephant (30 damage)
             ... on level 1 of the Vaults on Nov 6, 2023.
             The game lasted 03:43:33 (34015 turns).

Azuregosa the Skirmisher (Spriggan Hunter)         Turns: 34015, Time: 03:43:33

Health: -1/75      AC:  9    Str: 13    XL:     14   Next: 90%
Magic:  22/29      EV: 28    Int: 11    God:    Dithmenos [*****.]
Gold:   96         SH:  5    Dex: 23    Spells: 15/34 levels left

rFire   + . .        R - +3 orcbow
rCold   + . .        (shield currently unavailable)
rNeg    . . .        C - +0 troll leather armour
rPois   .            G - +2 hat {Will+}
rElec   .            Z - scarf {rC+ rF+}
rCorr   .            (gloves unavailable)
SInv    +            (boots unavailable)
Will    +++..        V - amulet of reflection
Stlth   +++          w - +4 ring of protection
HPRegen 1.12/turn    W - +6 ring of strength
MPRegen 0.21/turn

%: reflection
@: about to teleport, wreathed by umbra, very quick
A: very small, no large weapons, unfitting armour, see invisible, speed 3
a: Renounce Religion, Shadow Step, Shadow Form


You were on level 1 of the Vaults.
You worshipped Dithmenos.
Dithmenos was extremely pleased with you.
You visited 7 branches of the dungeon, and saw 24 of its levels.
You also visited: Sewer.

You collected 2170 gold pieces.
You spent 2074 gold pieces at shops.

Inventory:

Hand Weapons
 f - a +0 arbalest
 R - a +3 orcbow (weapon)
 U - the +0 rapier "Qagay" {venom, rElec rC- Dex+8}
   (You found it on level 2 of the Lair of Beasts)

   Dex+8:     It affects your dexterity (+8).
   rC-:       It makes you vulnerable to cold.
   rElec:     It insulates you from electricity.
 Y - a +0 scimitar of flaming
Missiles
 r - 7 curare-tipped darts
 P - 6 datura-tipped darts
Armour
 m - +6 acid dragon scales
 s - +0 ice dragon scales
 B - a +2 robe
 C - a +0 troll leather armour (worn)
 G - a +2 hat of willpower (worn)
 M - a +0 cloak
 S - a scarf of harm
 T - a +1 robe of positive energy
 Z - a scarf of resistance (worn)
Jewellery
 q - a ring of magical power
 v - an amulet of magic regeneration
 w - a +4 ring of protection (left hand)
 x - a ring of fire
 y - a ring of wizardry
 J - a ring of wizardry
 V - an amulet of reflection (around neck)
 W - a +6 ring of strength (right hand)
Wands
 c - a wand of flame (27)
 n - a wand of iceblast (15)
 t - a wand of mindburst (7)
 A - a wand of polymorph (4)
 I - a wand of digging (4)
 K - a wand of charming (21)
Scrolls
 a - a scroll of identify
 b - a scroll of butterflies
 g - 2 scrolls of summoning
 j - 4 scrolls of immolation
 k - a scroll of blinking
 l - 3 scrolls of teleportation
 p - 7 scrolls of fog
 H - 5 scrolls of revelation
 L - 6 scrolls of noise
 N - a scroll of amnesia
Potions
 d - 3 potions of heal wounds
 e - 2 potions of resistance
 h - 4 potions of attraction
 i - 9 potions of curing {unknown}
 o - 7 potions of might {unknown}
 u - a potion of mutation
 z - 8 potions of brilliance {unknown}
 D - 5 potions of haste
 E - 2 potions of cancellation
 F - 3 potions of invisibility
 Q - 2 potions of lignification
 X - 2 potions of enlightenment


   Skills:
 - Level 9.1 Fighting
 - Level 14.0 Ranged Weapons
 - Level 2.0 Armour
 - Level 12.1 Dodging
 - Level 1.5 Stealth
 + Level 10.7 Spellcasting
 - Level 3.7 Conjurations
 - Level 8.7 Hexes
 + Level 3.9 Summonings
 - Level 6.9 Ice Magic
 + Level 5.4 Air Magic
 + Level 1.8 Poison Magic
 - Level 10.1 Evocations


You had 15 spell levels left.
You knew the following spells:

 Your Spells              Type           Power      Damage    Failure   Level
a - Freezing Cloud        Conj/Ice/Air   8%         6-21      43%         5
b - Metabolic Englaciati  Hex/Ice        11%        N/A       17%         5
c - Searing Ray           Conj           28%        2d5       4%          2
d - Summon Lightning Spi  Summ/Air       16%        N/A       22%         4
e - Mephitic Cloud        Conj/Pois/Air  14%        N/A       10%         3

Your spell library contained the following spells:

 Spells                   Type           Power      Damage    Failure   Level
 Ensorcelled Hibernation  Hex/Ice        46%        N/A       1%          2
 Jinxbite                 Hex            50%        N/A       1%          2
 Magic Dart               Conj           56%        1d5       3%          1
 Fulminant Prism          Conj/Hex       9%         3d6       12%         4
 Apportation              Tloc           10%        N/A       16%         1
 Necrotise                Necr           20%        1d5       16%         1
 Leda's Liquefaction      Hex/Erth       7%         N/A       26%         4
 Ignite Poison            Fire/Tmut/Pois 7%         N/A       34%         3
 Vampiric Draining        Necr           5%         2d6       41%         3
 Animate Armour           Summ/Erth      20%        N/A       56%         4
 Brom's Barrelling Bould  Conj/Erth      10%        2d3       56%         4
 Sticky Flame             Conj/Fire      10%        2d3       56%         4
 Iskenderun's Battlesphe  Conj           14%        2d7       65%         5
 Alistair's Intoxication  Tmut/Pois      5%         N/A       96%         5
 Agony                    Necr           5%         N/A       99%         5
 Lee's Rapid Deconstruct  Erth           2%         3d5*      99%         5
 Bombard                  Conj/Erth      5%         9d2       100%        6
 Monstrous Menagerie      Summ           7%         N/A       100%        7
 Orb of Destruction       Conj           7%         9d6       100%        7
 Ignition                 Fire           2%         3d3       100%        8


Dungeon Overview and Level Annotations

Branches:
Dungeon (14/15)            Temple (1/1) D:6            Lair (3/5) D:10
  Snake (1/4) Lair:2          Orc (2/2) D:9             Elf (1/3) Orc:2
 Vaults (2/5) D:14          Sewer (visited)
  Swamp: Lair:2-3    Shoals: Lair:2-3     Crypt: Vaults:2-3

Altars:
Ashenzari
Cheibriados
Dithmenos
Elyvilon
Fedhas
Gozag
Hepliaklqana
Kikubaaqudgha
Makhleb
Nemelex Xobeh
Okawaru
Qazlal
Ru
Sif Muna
Trog
Uskayaw
Vehumet
Wu Jian
Xom
Yredelemnul
Zin
The Shining One

Shops:
D:4 [   D:6 [   D:8 (   D:11 [   Orc:2 (?:

Annotations:
Vaults:2 Boris


Innate Abilities, Weirdness & Mutations

You are very small and have problems with some larger weapons.
You are too small for most types of armour.
You have supernaturally acute eyesight. (SInv)
You cover ground extremely quickly. (Speed+++)


Message History

The ironbound convoker is recalled. x2; The ironbound frostheart is recalled.
The orc knight is recalled.
Boris, a deep troll, 3 humans and an orc knight come into view.
Boris is wearing a +2 robe of positive energy.
The orc knight is wielding a +3 great mace of protection.
The deep troll completely misses you. x3; The orc knight moves out of view.
A vault warden comes into view. It is wielding a +0 dire flail.
There is a stone staircase leading up, spattered with blood here.
You block the ironbound convoker's attack.
The deep troll bites you! The deep troll closely misses you.
The deep troll completely misses you.
Boris mumbles some strange words.
Boris flickers and vanishes for a moment.
You climb upwards.
The dire elephant misses you. The dire elephant trunk-slaps you!
There is a stone staircase leading down here.
As you read the scroll of fear, it crumbles to dust.
You assume a fearsome visage.
The ironbound convoker looks frightened!
The deep troll looks frightened!
The dire elephant easily resists. x2
The dire elephant tramples you!
* * * LOW HITPOINT WARNING * * *
You stumble backwards!
You feel much better.
The dire elephant tramples you but does no damage.
You block the dire elephant's attack.
As you read the scroll of teleportation, it crumbles to dust.
You feel strangely unstable.
The dire elephant completely misses you.
The dire elephant trunk-slaps you. The dire elephant misses you. x2
The dire elephant completely misses you.
The dire elephant trunk-slaps you.
The dire elephant attacks as it pursues you!
The dire elephant misses you. x2
Cornered, the ironbound convoker turns to fight!
The dire elephant attacks as it pursues you!
The dire elephant misses you. The dire elephant barely misses you.
Your magical contamination has completely faded away.
You block the ironbound convoker's attack.
The dire elephant tramples you!!
You die...

##### #...# #### **
#...# #..# ######### ,*
#...###Y.###.......# ,*
#...#...>..#.~~.~≈.# **
#...#p.YY..'.~≈.~~.# ,*
#...###@.###.......# ,*
#..J###..###.Y~.~~.# ,*
#...'......#.~~.~~.# **
#...#...T..#.....Y.#####
,*
#...###..#########'#####
,* #...#
#..###............ **
#...# ######............
##########...#
###.......Y.T..
.........#...#
###.......Y....


You could see 3 dire elephants, a deep troll (fleeing) and an ironbound
convoker.

Vanquished Creatures
  Rupert (D:12)
  Gastronok (D:8)
  Frances (D:14)
  Josephine (D:14)
  5 vault guards
  A hydra (D:13)
  2 boulder beetles
  2 centaur warriors (D:13)
  8 two-headed ogres
  2 tengu warriors (D:13)
  4 death yaks
  4 orc high priests (Orc:2)
  2 naga sharpshooters (Snake:1)
  Nergalle (Lair:1)
  Lodul (D:14)
  4 deep trolls
  An arcanist (D:14)
  A deep elf archer (D:14)
  A deep elf zephyrmancer (Orc:2)
  8 orc knights
  4 deep elf pyromancers
  An oklob plant (D:10)
  2 ugly things
  A cyclops (D:14)
  4 orc sorcerers
  A manticore (D:14)
  5 elephants (Lair:2)
  4 black mambas
  A vault sentinel (Vaults:1)
  Joseph (D:9)
  A cane toad (Lair:1)
  2 gargoyles
  A yaktaur (D:14)
  An efreet (D:13)
  3 kobold demonologists
  An unseen horror (D:10)
  A freezing wraith (Vaults:1)
  5 komodo dragons (Lair:2)
  A tengu conjurer (D:13)
  7 trolls
  9 blink frogs
  20 slime creatures
  3 shadows
  7 wraiths
  A human (D:14)
  2 wyverns (D:10)
  2 basilisks (Lair:2)
  30 yaks
  7 vampire mosquitoes
  3 wargs (Orc:1)
  2 acid dragons
  6 nagas
  5 water moccasins (Lair:2)
  25 orc warriors
  A black bear (D:7)
  A sky beast (D:7)
  2 ice beasts
  16 ogres
  5 wolves (Lair:2)
  11 centaurs
  6 phantoms
  5 kobold brigands
  7 bullfrogs
  6 scorpions
  21 killer bees
  6 hounds
  20 orc priests
  6 jellies
  2 sleepcaps (D:4)
  A gnoll bouda (D:7)
  11 iguanas
  22 orc wizards
  Terence (D:2)
  8 ogre zombies (D:9)
  Robin (D:3)
  17 adders
  12 gnolls
  A river rat (D:3)
  A white imp (D:8)
  A worm (D:3)
  2 dart slugs
  61 orcs
  20 ball pythons
  7 bats
  3 bat skeletons (D:10)
  A bat zombie (D:10)
  10 endoplasms
  2 giant cockroaches
  22 goblins
  11 hobgoblins
  3 jackals
  6 quokkas
  4 frilled lizards
  2 gnoll skeletons (D:9)
  5 gnoll zombies (D:9)
  28 kobolds
  3 orc skeletons (D:9)
  15 orc zombies (D:9)
  12 rats
628 creatures vanquished.

Vanquished Creatures (collateral kills)
  A deep troll (Vaults:1)
1 creature vanquished.

Vanquished Creatures (others)
  2 orc priests (Orc:2)
  An orc (Orc:2)
3 creatures vanquished.

Grand Total: 632 creatures vanquished

Notes
Turn   | Place    | Note
-------+----------+-------------------------------------------
     0 | D:1      | Azuregosa the Spriggan Hunter began the quest for the Orb.
     0 | D:1      | Reached XP level 1. HP: 10/10 MP: 2/2
    63 | D:1      | Reached XP level 2. HP: 15/15 MP: 3/3
   460 | D:1      | Reached XP level 3. HP: 18/18 MP: 4/4
   624 | D:1      | Reached skill level 5 in Ranged Weapons
   650 | D:2      | Noticed Terence
   782 | D:2      | Found an ancient bone altar of Kikubaaqudgha.
  1018 | D:2      | Killed Terence
  1019 | D:2      | Reached XP level 4. HP: 23/23 MP: 5/5
  1221 | D:3      | Identified the "Xiuc"
  1274 | D:3      | Found a faded altar of an unknown god.
  1460 | D:3      | Noticed Robin
  1474 | D:3      | Reached skill level 6 in Ranged Weapons
  1474 | D:3      | Reached XP level 5. HP: 26/26 MP: 6/6
  1495 | D:3      | Killed Robin
  1730 | D:3      | Found a shimmering altar of Xom.
  1730 | D:3      | Found a faded altar of an unknown god.
  1738 | D:3      | Found a sparkling altar of Nemelex Xobeh.
  1746 | D:3      | Found a faded altar of an unknown god.
  1748 | D:3      | Found a burning altar of Makhleb.
  2039 | D:3      | Found a glowing drain.
  2046 | Sewer    | Entered a sewer
  2154 | Sewer    | Reached XP level 6. HP: 28/32 MP: 7/7
  2240 | Sewer    | Reached skill level 7 in Ranged Weapons
  2627 | D:4      | Reached skill level 1 in Evocations
  2830 | D:4      | Reached XP level 7. HP: 36/36 MP: 8/8
  2850 | D:4      | Found Jiobb's Armour Emporium.
  3722 | D:5      | Entered Level 5 of the Dungeon
  4032 | D:5      | Reached skill level 5 in Fighting
  4148 | D:5      | Reached XP level 8. HP: 43/43 MP: 9/9
  4618 | D:5      | Found a hazy altar of Hepliaklqana.
  4901 | D:5      | Reached skill level 8 in Ranged Weapons
  5392 | D:6      | Found Baysuam's Armour Boutique.
  5400 | D:6      | Bought a +1 robe of positive energy for 126 gold pieces
  5778 | D:6      | Found a staircase to the Ecumenical Temple.
  5787 | Temple   | Entered the Ecumenical Temple
  5792 | Temple   | Became a worshipper of Dithmenos the Shadowed
  6351 | D:6      | Reached skill level 9 in Ranged Weapons
  6433 | D:6      | Reached XP level 9. HP: 49/49 MP: 10/10
  6725 | D:6      | Noticed a kobold demonologist
  6732 | D:6      | Noticed a sixfirhy
  6732 | D:6      | Killed a kobold demonologist
  7434 | D:7      | Reached * piety under Dithmenos
  7435 | D:7      | Reached skill level 10 in Ranged Weapons
  9010 | D:7      | Reached skill level 1 in Spellcasting
  9324 | D:8      | Noticed a two-headed ogre
  9415 | D:8      | Reached XP level 10. HP: 56/56 MP: 14/14
  9459 | D:8      | HP: 2/56 [acid dragon/splash of acid (20)]
  9473 | D:8      | Noticed Gastronok
  9878 | D:8      | Reached skill level 11 in Ranged Weapons
 10004 | D:8      | Reached ** piety under Dithmenos
 10648 | D:7      | Reached skill level 5 in Spellcasting
 10801 | D:7      | Learned a level 3 spell: Vampiric Draining
 10807 | D:7      | Learned a level 5 spell: Metabolic Englaciation
 11047 | D:8      | Killed a two-headed ogre
 11048 | D:8      | Reached skill level 1 in Ice Magic
 11496 | D:8      | HP: 2/56 [Gastronok/the air (28)]
 11758 | D:8      | Killed Gastronok
 11759 | D:8      | Reached XP level 11. HP: 37/60 MP: 21/23
 11862 | D:8      | Found Jaja's Weapon Shop.
 11932 | D:9      | Noticed Joseph
 11942 | D:9      | Killed Joseph
 12316 | D:9      | Found a staircase to the Orcish Mines.
 12945 | D:9      | Reached skill level 5 in Hexes
 13014 | D:9      | Reached *** piety under Dithmenos
 13471 | D:10     | Entered Level 10 of the Dungeon
 13471 | D:10     | Noticed a +0 dagger
 13471 | D:10     | Noticed a +0 short sword
 13472 | D:10     | Noticed a +0 spear
 13472 | D:10     | Noticed a +0 short sword
 13472 | D:10     | Noticed a +0 falchion
 13472 | D:10     | Noticed a +0 dagger
 13472 | D:10     | Noticed a +0 spear
 13473 | D:10     | Noticed a +0 falchion
 13483 | D:10     | Found a hide-covered altar of Uskayaw.
 13494 | D:10     | Noticed a red ugly thing
 13638 | D:9      | Killed a red ugly thing
 13639 | D:9      | Reached skill level 12 in Ranged Weapons
 13889 | D:10     | Noticed a soul eater
 14048 | D:10     | Found an ancient bone altar of Kikubaaqudgha.
 14179 | D:10     | Found a staircase to the Lair.
 14180 | D:10     | Noticed an oklob plant
 14284 | D:10     | Noticed a two-headed ogre
 14314 | D:10     | Killed a two-headed ogre
 14347 | D:10     | Reached skill level 5 in Evocations
 14633 | D:10     | Noticed a two-headed ogre
 14665 | D:10     | Killed a two-headed ogre
 14778 | D:10     | Noticed a two-headed ogre
 14846 | D:10     | Killed a two-headed ogre
 15039 | D:10     | Found an ornate altar of the Wu Jian Council.
 15088 | D:10     | Noticed a soul eater
 15567 | D:11     | Noticed a two-headed ogre
 15626 | D:10     | Killed a two-headed ogre
 15774 | D:11     | Found Rar Qiab's Antique Armour Emporium.
 15781 | D:11     | Bought a glowing scarf for 232 gold pieces
 15897 | D:11     | Noticed a brown ugly thing
 16059 | D:10     | Killed a brown ugly thing
 16178 | D:11     | Reached **** piety under Dithmenos
 16272 | D:11     | Reached skill level 13 in Ranged Weapons
 16272 | D:11     | Reached skill level 10 in Evocations
 16692 | D:11     | Reached XP level 12. HP: 65/65 MP: 25/25
 16707 | D:12     | Noticed Rupert
 17239 | D:11     | Reached skill level 1 in Armour
 17466 | D:12     | Found an ornate altar of the Wu Jian Council.
 18361 | D:12     | Killed Rupert
 18575 | Orc:1    | Entered Level 1 of the Orcish Mines
 19267 | Orc:2    | Entered Level 2 of the Orcish Mines
 19358 | Orc:2    | Reached skill level 10 in Spellcasting
 19413 | Orc:2    | Reached ***** piety under Dithmenos
 19807 | Orc:2    | Noticed a two-headed ogre
 19818 | Orc:2    | Killed a two-headed ogre
 19963 | Orc:2    | Found a staircase to the Elven Halls.
 19976 | Orc:2    | Noticed an orc high priest
 20035 | Orc:2    | Killed an orc high priest
 20036 | Orc:2    | Reached skill level 5 in Dodging
 20658 | Orc:2    | Reached XP level 13. HP: 68/68 MP: 28/28
 20884 | Orc:2    | Reached skill level 5 in Ice Magic
 21992 | Orc:2    | Found Wuwka's Book Boutique.
 21992 | Orc:2    | Found Gilifyorch's Jewellery Emporium.
 21994 | Orc:2    | Found Exuh's Antique Weapon Boutique.
 21994 | Orc:2    | Found Minkoddi's Magic Scroll Emporium.
 22013 | Orc:2    | Bought the Anthology of Mortuary Frost for 442 gold pieces
 22019 | Orc:2    | Learned a level 5 spell: Freezing Cloud
 22027 | Orc:2    | Bought 2 scrolls of enchant weapon for 240 gold pieces
 22027 | Orc:2    | Bought a scroll of enchant armour for 120 gold pieces
 22027 | Orc:2    | Bought a scroll of fear for 64 gold pieces
 22472 | Orc:2    | Reached skill level 1 in Air Magic
 22575 | Elf:1    | Entered Level 1 of the Elven Halls
 23120 | D:10     | Upgraded the game from 0.31-a0-963-ga325b2283a to
                  | 0.31-a0-965-g8a8ce12e04
 23120 | D:10     | Upgraded the game from 0.31-a0-965-g8a8ce12e04 to
                  | 0.31-a0-968-g24f9ace8b5
 23576 | Lair:1   | Entered Level 1 of the Lair of Beasts
 23616 | Lair:1   | Reached skill level 1 in Conjurations
 24096 | Lair:1   | Noticed Nergalle
 24114 | Lair:1   | Killed Nergalle
 24311 | Lair:1   | Reached skill level 14 in Ranged Weapons
 24797 | Lair:2   | Identified the +0 rapier "Qagay" {venom, rElec rC- Dex+8}
 25028 | Lair:2   | Found a staircase to the Snake Pit.
 25638 | Lair:2   | Reached skill level 10 in Dodging
 25911 | Lair:2   | Reached ****** piety under Dithmenos
 26554 | Snake:1  | Entered Level 1 of the Snake Pit
 26629 | Lair:2   | Reached XP level 14. HP: 52/74 MP: 29/29
 27895 | D:13     | Found a sparkling altar of Nemelex Xobeh.
 28212 | D:13     | Upgraded the game from 0.31-a0-968-g24f9ace8b5 to
                  | 0.31-a0-971-g75a2e9a4b4
 28215 | D:13     | Learned a level 2 spell: Searing Ray
 30520 | D:14     | Noticed Frances
 30548 | D:14     | Killed Frances
 30598 | D:14     | Found a blossoming altar of Fedhas.
 30938 | D:13     | Upgraded the game from 0.31-a0-971-g75a2e9a4b4 to
                  | 0.31-a0-995-g04711c9635
 30943 | D:13     | Learned a level 4 spell: Summon Lightning Spire
 31065 | D:14     | Noticed Lodul
 31389 | D:13     | Reached skill level 1 in Summonings
 31880 | D:14     | Killed Lodul
 31894 | D:14     | Noticed Josephine
 31903 | D:14     | Killed Josephine
 32386 | Orc:2    | Bought the Vellum of Dust for 850 gold pieces
 32390 | Orc:2    | Learned a level 3 spell: Mephitic Cloud
 33288 | D:14     | Found a gate to the Vaults.
 33344 | D:14     | Reached skill level 5 in Air Magic
 33416 | Vaults:1 | Entered Level 1 of the Vaults
 33628 | Vaults:1 | Reached skill level 1 in Poison Magic
 33717 | Vaults:1 | Noticed an ironbound preserver
 33758 | Vaults:1 | Noticed an ironbound preserver
 33963 | Vaults:1 | Noticed an ironbound preserver
 34006 | Vaults:2 | Noticed Boris
 34007 | Vaults:2 | Noticed a vault warden
 34015 | Vaults:1 | Slain by a dire elephant

Illustrated notes

Levels and vault maps discovered:
D:1:      orjb1_lava_funnel, layout_basic
D:2:      layout_rooms, basic_altar, uniq_terence
D:3:      layout_basic, chequers_temple_overflow_minitemple,
          lightli_sewer_entry_pipes, shapermc_ecumenical_altar_venn,
          supply_closet_lemuel, uniq_robin
D:4:      layout_loops_ring, serial_shops, nicolae_shop_tiny_glass,
          nzn_random_ring
D:5:      layout_layer_cave, nzn_hepliaklqana_mist_gate
D:6:      kennysheep_big_flooded_room, layout_layer_cave,
          minmay_temple_entry_butterflies, serial_shops, shop,
          chequers_mini_garden
D:7:      layout_layer_cave, dk_noncrumbling_4, kennysheep_small_square
D:8:      layout_layer_cave, serial_shops, kennysheep_mini, uniq_gastronok
D:9:      layout_loops_corners, zombieorc2_lemuel, uniq_joseph
D:10:     minmay_octagon_keep, layout_basic,
          mainiacjoe_overflow_six_doors_small, kennysheep_vampire_church,
          nicolae_uskayaw_en_pointe, dpeg_oklobed_lair, minmay_misc_feat_tower,
          kennysheep_another_room
D:11:     layout_roguey, serial_shops, nicolae_shop_crystal
D:12:     layout_irregular_city, pdpol_wu_jian_five_deadly_venoms, uniq_rupert
D:13:     layout_basic, nemelex_xobeh_ov_fountains_minmay
D:14:     layout_big_octagon, grunt_vaults_entry_fortified, minmay_door_square,
          kennysheep_nondescript, fedhas_altar_2, uniq_frances, uniq_lodul,
          uniq_josephine
Temple:   hellmonk_temple_of_storms
Lair:1:   layout_concentric_octagons, uniq_nergalle
Lair:2:   beast_lair_carwin_large_3, layout_chaotic_city,
          guppyfry_snake_entry_island
Lair:3:   layout_chaotic_city, elwin_shoals_entry_rooms, lemuel_fruit_tree
Snake:1:  layout_onion_interference, serial_shops,
          nicolae_shop_tiny_statue_garden, shop, drop_trap, grunt_megastairs_4
Orc:1:    layout_diamond_mine
Orc:2:    grunt_orc_tribal_feast, layout_caves, basic_altar
Elf:1:    minmay_the_grid_net [minmay_the_grid_tri_star, minmay_the_grid_empty,
          minmay_the_grid_eight, minmay_the_grid_aliased_spiral,
          minmay_the_grid_small_cups, minmay_the_grid_prize_big_room],
          layout_onion_city, grunt_ministairs_2, onia_ninara_cookie
Vaults:1: nicolae_vaults_double_plus_2, v_misc_31, vaults_room_door_hall,
          v_pattern_1, v_misc_3, nicolae_vaults_tetromino_T_2,
          nicolae_vaults_storage_closets_2, vaults_dpeg_hooks,
          vaults_room_fours, special_room_vaults [special_room_orc],
          layout_vaults_big_cross
Vaults:2: nicolae_vaults_shelves_hall, nicolae_vaults_yaktaur_gun_rack,
          nicolae_vaults_turnstiles, nicolae_vaults_spaceships,
          nicolae_vaults_circle_grid_a, v_misc_27, ontoclasm_vaults_tryst,
          nicolae_vaults_stairing_the_circle, vaults_room_hallway,
          layout_vaults_omnibox, uniq_boris, uniq_sojobo

Skill      XL: |  1  2  3  4  5  6  7  8  9 10 11 12 13 14 |
---------------+-------------------------------------------+-----
Ranged Weapons | 5 6 7 9 10 11 13 14 | 14.0
Fighting       | 2 3 5 6 8 9 |  9.1
Evocations     | 1 2 10 | 10.1
Dodging        | 3 4 5 10 12 | 12.1
Spellcasting   | 2 7 8 10 | 10.7
Hexes          | 4 5 8 |  8.7
Ice Magic      | 2 4 6 |  6.9
Armour         | 2 |  2.0
Air Magic      | 3 5 |  5.4
Conjurations   | 2 3 |  3.7
Summonings     | 3 |  3.9
Poison Magic   | 1 |  1.8
Stealth        | |  1.5

Action                     |  1- 3 |  4- 6 |  7- 9 | 10-12 | 13-15 || total
---------------------------+-------+-------+-------+-------+-------++-------
   Fire: Shortbow          |   127 |   228 |   589 |   483 |       ||  1427
         Orcbow            |       |       |       |   776 |  1509 ||  2285
   Cast: Metabolic Englaci |       |       |       |       |     1 ||     1
         Searing Ray       |       |       |       |       |    18 ||    18
         Mephitic Cloud    |       |       |       |       |     5 ||     5
         Summon Lightning  |       |       |       |       |     1 ||     1
 Invoke: Shadow Form       |       |       |       |       |     1 ||     1
  Evoke: Wand              |       |     6 |    12 |    37 |    12 ||    67
    Use: Scroll            |       |       |    11 |     6 |    23 ||    40
         Potion            |       |       |     2 |     2 |     2 ||     6
 Armour: Robe              |    13 |    34 |    95 |    39 |    30 ||   211
         Acid dragon scale |       |       |       |    94 |   156 ||   250
         Troll leather arm |       |       |       |       |    19 ||    19
  Dodge: Dodged            |    54 |    96 |   218 |   313 |   535 ||  1216
  Block: Other             |       |       |       |    36 |   109 ||   145
         Reflection        |       |       |       |     4 |    17 ||    21

Table legend: (Time is in decaauts)
 A = Elapsed time spent in this place.
 B = Non-inter-level travel time spent in this place.
 C = Inter-level travel time spent in this place.
 D = Time resting spent in this place.
 E = Time spent auto-exploring this place.
 F = Levels seen in this place.
 G = Mean time per level.
                   A        B        C        D        E       F      G
               +--------+--------+--------+--------+--------+-----+--------+
         Total |  25508 |  24210 |   1298 |   7160 |   7519 |  25 | 1020.3 |
       Dungeon |  17963 |  17052 |    911 |   4158 |   6126 |  14 | 1283.1 |
        Temple |    256 |    256 |      0 |    249 |      0 |   1 |  256.0 |
          Lair |   2778 |   2591 |    187 |   1238 |    637 |   3 |  926.0 |
     Snake Pit |    288 |    283 |      5 |     68 |     82 |   1 |  288.0 |
  Orcish Mines |   3397 |   3205 |    192 |   1372 |    532 |   2 | 1698.5 |
   Elven Halls |     16 |     15 |      1 |      0 |      0 |   1 |   16.0 |
        Vaults |    431 |    431 |      0 |     46 |     43 |   2 |  215.5 |
         Sewer |    376 |    376 |      0 |     27 |     96 |   1 |  376.0 |
               +--------+--------+--------+--------+--------+-----+--------+

Top non-repeatable levels by time:
    D:10: 2513 daAuts
   Orc:2: 2295 daAuts
    D:13: 2274 daAuts
     D:7: 2120 daAuts
     D:9: 1620 daAuts
  Lair:2: 1547 daAuts
     D:6: 1367 daAuts
     D:8: 1285 daAuts
    D:11: 1266 daAuts
  Lair:1: 1229 daAuts
    D:12: 1194 daAuts
   Orc:1: 1101 daAuts
     D:5: 1000 daAuts
    D:14: 883 daAuts
     D:4: 861 daAuts
